 Dungeon Crawl Stone Soup version 0.21-a0-278-ga722497 (webtiles) character file.

186 borntodie the Skirmisher (level 5, 0/43 HPs)
             Began as a Mummy Wanderer on Sept 22, 2017.
             Was an Initiate of Gozag.
             Slain by an orc
             ... wielding a +0 flail
              (8 damage)
             ... on level 3 of the Dungeon.
             The game lasted 00:06:20 (3746 turns).

borntodie the Skirmisher (Mummy Wanderer)           Turns: 3746, Time: 00:06:20

Health: 0/43       AC:  2    Str: 15    XL:     5   Next: 38%
Magic:  5/5        EV: 11    Int: 12    God:    Gozag
Gold:   238        SH:  0    Dex: 12    Spells: 4/4 levels left

rFire    x . .     SeeInvis .   h - +1 whip (elec)
rCold    + . .     Gourm    .   (no shield)
rNeg     + + +     Faith    .   c - +0 robe
rPois    ∞         Spirit   .   (no helmet)
rElec    .         Reflect  .   (no cloak)
rCorr    .         Harm     .   (no gloves)
MR       .....                  (no boots)
Stlth    ++........             (no amulet)
HPRegen  0.14/turn              (no ring)
MPRegen  0.09/turn              (no ring)

@: gold aura
A: no food or potions, fire vulnerability, cold resistance 1, negative energy
resistance 3, torment resistance, unbreathing
a: Potion Petition, Call Merchant, Bribe Branch, Renounce Religion


You were on level 3 of the Dungeon.
You worshipped Gozag.
Gozag was aware of your devotion.
You were not hungry.

You visited 1 branch of the dungeon, and saw 3 of its levels.

You collected 260 gold pieces.
You paid 22 gold pieces to Gozag.

Inventory:

Hand Weapons
 a - a +2 spear
 d - a +0 dagger
 h - a +1 whip of electrocution (weapon)
 l - a +0 hunting sling
Missiles
 f - 128 stones (quivered)
 i - 6 javelins
 n - 19 sling bullets
Armour
 c - a +0 robe (worn)
 g - a +0 plate armour
Scrolls
 b - a scroll of teleportation
 e - 4 scrolls of identify
 j - 2 scrolls of fear {unknown}
 k - a scroll of magic mapping {unknown}
 m - 2 scrolls of remove curse {unknown}
 o - a scroll of amnesia {unknown}


   Skills:
 + Level 4.4 Fighting
   Level 1.0 Long Blades
 + Level 2.4 Maces & Flails
 - Level 2.2 Polearms
 - Level 1.0 Throwing
 - Level 1.0 Dodging
 - Level 2.4 Stealth


You had 4 spell levels left.
You didn't know any spells.

Dungeon Overview and Level Annotations

Branches:
Dungeon (3/15)

Altars:
Gozag
Qazlal

Annotations:
D:3 Terence


Innate Abilities, Weirdness & Mutations

You do not eat or drink.
Your flesh is vulnerable to fire.
You are immune to poison.
Your flesh is cold resistant. (rC+)
You are immune to negative energy. (rN+++)
You are immune to unholy pain and torment.
You can survive without breathing.


Message History

The orc is almost dead.
The orc hits you with a mace of protection.
You hit the orc.
You kill the orc!
You hit the orc. Lightning courses through the orc!
You kill the orc!
You hit the orc.
The orc is heavily wounded.
The orc is distracted by the nearby gold.
You barely miss the orc.
The orc is no longer distracted by gold.
The orc shouts!
The orc is heavily wounded.
The orc hits you with a flail.
* * * LOW HITPOINT WARNING * * *
You completely miss the orc.
The orc is heavily wounded.
The orc hits you with a flail!
You die...
Your body crumbles into a pile of gold.

##### ### .....
..# .### #.# ..>#
### #.#
.#.########.# #.#
##.##.......# #.#
##'##.##....# #o#
....#.##.#..# #@#
....#.##.#######.#
....#.##.......$(#
....#.############
....#.#
....#.#########
....#.........#
....#########.#
....'.......#.#


You could see an orc.

Vanquished Creatures
  An orc priest (D:3)
  Natasha (D:3)
  5 adders
  2 oozes (D:3)
  A worm (D:2)
  2 dart slugs
  4 orcs (D:3)
  A ball python (D:3)
  6 bats
  5 giant cockroaches
  9 goblins
  6 hobgoblins
  9 kobolds
  3 quokkas (D:2)
  6 frilled lizards
  7 rats
68 creatures vanquished.

Notes
Turn   | Place    | Note
-------+----------+-------------------------------------------
     0 | D:1      | borntodie the Mummy Wanderer began the quest for the Orb.
     0 | D:1      | borntodie set off with: a +2 spear, 2 scrolls of teleportation, a +0 robe, a +0 dagger
     0 | D:1      | Reached XP level 1. HP: 18/18 MP: 1/1
   290 | D:1      | Reached XP level 2. HP: 24/24 MP: 2/2
   735 | D:2      | HP: 1/24 [frilled lizard (3)]
  1148 | D:2      | Reached XP level 3. HP: 29/29 MP: 3/3
  1445 | D:2      | Reached skill level 1 in Maces & Flails
  1516 | D:2      | Found an opulent altar of Gozag.
  1584 | D:2      | Became a worshipper of Gozag Ym Sagoz the Greedy
  1900 | D:2      | Reached XP level 4. HP: 26/36 MP: 4/4
  2298 | D:3      | Found a stormy altar of Qazlal.
  2585 | D:3      | Noticed Terence
  2726 | D:3      | Reached skill level 4 in Fighting
  2995 | D:3      | Noticed Natasha
  3002 | D:3      | Killed Natasha
  3002 | D:3      | Reached XP level 5. HP: 31/42 MP: 5/5
  3746 | D:3      | Slain by an orc

Vault maps used:
D:1:      eino_arrival_water_star
D:2:      grunt_gozag_breadcrumbs
D:3:      nicolae_qazlal_general_emergency, uniq_terence, uniq_natasha

Skill      XL: |  1  2  3  4 |
---------------+-------------+-----
Polearms       | 2 |  2.2
Maces & Flails | 1 2 |  2.4
Fighting       | 4 |  4.4
Long Blades    | |  1.0
Throwing       | |  1.0
Dodging        | |  1.0
Stealth        | |  2.4

Action                   |  1- 3 |  4- 6 || total
-------------------------+-------+-------++-------
Melee: Spear             |    79 |    99 ||   178
       Whip              |    47 |    30 ||    77
Throw: Stone             |    25 |       ||    25
  Use: Scroll            |     1 |     2 ||     3
 Stab: Sleeping          |     5 |     2 ||     7
Armor: Robe              |    20 |     7 ||    27
Dodge: Dodged            |    74 |    52 ||   126

Table legend:
 A = Spawn XP
 B = Non-spawn XP
 C = Spawn XP percentage of total XP
 D = Spawn monster count
 E = Non-spawn monster count
 F = Spawn count percentage of total count
 G = Total turns spent on level
                    A         B        C        D         E        F      G
               +---------+---------+-------+---------+---------+-------+---------
         Total |       0 |     267 |   0.0 |       0 |      68 |   0.0 |  3746
               +---------+---------+-------+---------+---------+-------+---------
           D:1 |       0 |      33 |   0.0 |       0 |      18 |   0.0 |   896
           D:2 |       0 |      72 |   0.0 |       0 |      27 |   0.0 |  1401
           D:3 |       0 |     162 |   0.0 |       0 |      23 |   0.0 |  1449
               +---------+---------+-------+---------+---------+-------+---------
